 Dungeon Crawl Stone Soup version 0.29.1-1-gd02db6906a (webtiles) character file.

Game seed: 13196135405599235932

54 Demigod47 the Trooper (level 3, -1/33 HPs)
             Began as a Minotaur Fighter on Oct 14, 2022.
             Slain by Grinder (5 damage)
             ... on level 3 of the Dungeon.
             The game lasted 00:03:13 (1873 turns).

Demigod47 the Trooper (Minotaur Fighter)            Turns: 1873, Time: 00:03:13

Health: -1/33      AC:  9    Str: 22    XL:     3   Next: 66%
Magic:  2/2        EV:  7    Int:  5    God:
Gold:   88         SH:  4    Dex:  9    Spells: 2/2 levels left

rFire   . . .      SeeInvis .   a - +0 flail
rCold   . . .      Faith    .   c - +0 buckler
rNeg    . . .      Spirit   .   f - +0 chain mail
rPois   .          Reflect  .   (helmet restricted)
rElec   .          Harm     .   (no cloak)
rCorr   .          Rampage  .   (no gloves)
Will    .....                   (no boots)
Stlth   ..........              (no amulet)
HPRegen 0.11/turn               (no ring)
MPRegen 0.08/turn               (no ring)

@: attractive
A: horns 2, retaliatory headbutt
a: no special abilities


You were on level 3 of the Dungeon.
You visited 1 branch of the dungeon, and saw 3 of its levels.

You collected 88 gold pieces.

Inventory:

Hand Weapons
 a - a +0 flail (weapon)
Armour
 c - a +0 buckler (worn)
 f - a +0 chain mail (worn)
Scrolls
 e - a scroll of identify
 g - a scroll of noise
 i - a scroll of vulnerability
 j - a scroll of teleportation
Potions
 d - a potion of might


   Skills:
 + Level 4.1 Fighting
 * Level 3.4 Maces & Flails
 + Level 4.1 Armour
 + Level 0.3 Dodging
 + Level 0.1 Stealth
 + Level 4.1 Shields


You had 2 spell levels left.
You didn't know any spells.
Your spell library contained the following spells:

 Spells                   Type           Power      Damage    Failure   Level
 Gell's Gravitas          Tloc           0%         N/A       100%        3
 Lesser Beckoning         Tloc           0%         N/A       100%        3
 Teleport Other           Tloc           0%         N/A       100%        3


Dungeon Overview and Level Annotations

Branches:
Dungeon (3/15)

Altars:

Shops:
D:1 (*=

Annotations:
D:3 Grinder


Innate Abilities, Weirdness & Mutations

You have a pair of horns on your head.
You reflexively headbutt those who attack you in melee.


Message History

No target in view!
It was a potion of attraction.
You feel attractive to monsters.
It was a potion of ambrosia.
You are confused.
You feel invigorated.
You are too confused!
You start waiting.
You feel less invigorated.
You feel less confused.
As you read the scroll labelled VEIWKA UTRELOSS, it crumbles to dust.
It is a scroll of identify.
g - a scroll of noise
As you read the scroll of identify, it crumbles to dust.
i - a scroll of vulnerability
As you read the scroll of identify, it crumbles to dust.
j - a scroll of teleportation You climb downwards.
Found a fuming clear potion, a ring mail and 3 stones.
There is a stone staircase leading up here.
Found an escape hatch in the ceiling.
Grinder comes into view.
Grinder shouts!
Grinder is attracted toward you.
Grinder is nearby!
You hit Grinder.
Grinder is lightly wounded.
Grinder hits you!
You writhe in agony.
You completely miss Grinder.
Grinder is lightly wounded.
Grinder hits you.
You writhe in agony.
You hit Grinder but do no damage.
Grinder is lightly wounded.
Grinder gestures at you. Pain shoots through your body!
* * * LOW HITPOINT WARNING * * *
You sock Grinder!
Grinder is heavily wounded.
Grinder hits you.
You die...

###.... .# ....(..
#. ....[.. ###..
....... .....####
.......
#.......###.......
............#...#
....<...#.<.....#
......5@..##....#
...!#..#### .....
. ..... .##.
.....## .. .....
#. .... ... ...


You could see Grinder.

Vanquished Creatures
  A dart slug (D:2)
  4 bats (D:2)
  6 endoplasms
  A giant cockroach (D:1)
  4 goblins (D:1)
  4 hobgoblins (D:1)
  6 jackals (D:1)
  2 quokkas
  3 ball pythons
  5 frilled lizards
  4 kobolds
  5 rats
45 creatures vanquished.

Notes
Turn   | Place    | Note
-------+----------+-------------------------------------------
     0 | D:1      | Demigod47 the Minotaur Fighter began the quest for the Orb.
     0 | D:1      | Reached XP level 1. HP: 19/19 MP: 0/0
    30 | D:1      | Found Iwaogis's Assorted Antiques.
   219 | D:1      | Reached XP level 2. HP: 24/27 MP: 1/1
   413 | D:1      | Found Itubeiplu's Jewellery Boutique.
   631 | D:1      | Reached XP level 3. HP: 32/33 MP: 2/2
   663 | D:1      | Found Moteasch's Weapon Shop.
   708 | D:1      | Found a faded altar of an unknown god.
  1868 | D:3      | Noticed Grinder
  1873 | D:3      | Slain by Grinder

Illustrated notes

Levels and vault maps discovered:
D:1:      wheals_arrival_shading, layout_loops_ring,
          hellmonk_ecumenical_altar_heavens_door, serial_shops,
          nicolae_shop_hallway_plus, shop, nicolae_shop_bloodbath_and_beyond,
          minmay_tromino_i4
D:2:      layout_loops_ring
D:3:      layout_rooms, mainiacjoe_overflow_paths, uniq_crazy_yiuf_cottage,
          uniq_sigmund, uniq_grinder

Skill      XL: |  1  2  3 |
---------------+----------+-----
Shields        | 4 |  4.1
Fighting       | 4 |  4.1
Armour         | 4 |  4.1
Maces & Flails | 3 |  3.4
Dodging        | |  0.3
Stealth        | |  0.1

Action                   || total
-------------------------++-------
Melee: Flail             ||    94
       Headbutt          ||     7
  Use: Scroll            ||     3
       Potion            ||     2
Armor: Scale mail        ||    10
       Chain mail        ||    41
Dodge: Dodged            ||    39
Block: Buckler           ||    27
